 Dungeon Crawl Stone Soup version 0.21.0-25-ge575cb9 (webtiles) character file.

11767 quantumfuzzball the Geomancer (level 11, -4/64 HPs)
             Began as a Gargoyle Earth Elementalist on Jan 24, 2018.
             Was an Elder of Vehumet.
             Slain by an ice devil (21 damage)
             ... in an ice cave.
             The game lasted 01:14:15 (17679 turns).

quantumfuzzball the Geomancer (GrEE)               Turns: 17679, Time: 01:14:16

Health: -4/64      AC: 17    Str: 12 (13) XL:     11   Next: 82%
Magic:  7/21       EV: 13    Int: 16 (18) God:    Vehumet [****..]
Gold:   558        SH:  0    Dex: 10      Spells: 15/24 levels left

rFire    + + .     SeeInvis +   D - +0 whip (elec)
rCold    . . .     Gourm    .   (no shield)
rNeg     + + .     Faith    .   i - +3 salamander hide armour {+Rage rF++}
rPois    ∞         Spirit   .   O - +0 helmet
rElec    +         Reflect  .   K - scarf {repulsion}
rCorr    .         Harm     .   y - +0 pair of gloves
MR       .....                  (no boots)
Stlth    ++........             v - amulet of regeneration
HPRegen  0.60/turn              o - ring of positive energy
MPRegen  0.17/turn              A - ring of see invisible

@: repel missiles
A: negative energy resistance 1, electricity resistance, unbreathing,
petrification resistance, rot immunity, AC +8
a: Renounce Religion, Evoke Berserk Rage


You were in an ice cave.
You worshipped Vehumet.
Vehumet was greatly pleased with you.
You were not hungry.

You visited 3 branches of the dungeon, and saw 14 of its levels.
You also visited: Ice Cave.

You collected 795 gold pieces.
You spent 237 gold pieces at shops.

Inventory:

Hand Weapons
 D - a +0 whip of electrocution (weapon)
 L - a +3 morningstar of protection
 Q - a cursed -2 morningstar
Missiles
 n - 127 stones (quivered)
Armour
 b - a +0 shield
 i - the +3 salamander hide armour (worn) {+Rage rF++}
   (You found it on level 11 of the Dungeon)

   It greatly protects you from fire.
   It lets you go berserk.
 s - a +2 leather armour of magic resistance
 y - a +0 pair of gloves (worn)
 I - the +0 pair of gloves of Pathos {+Fly rElec MR-}
   (You bought it in a shop on level 6 of the Dungeon)

   It insulates you from electricity.
   It affects your resistance to hostile enchantments.
   It lets you fly.
 K - a scarf of repulsion (worn)
 O - a +0 helmet (worn)
Jewellery
 o - a ring of positive energy (left hand)
 u - an uncursed ring of poison resistance {unknown}
 v - an amulet of regeneration (around neck)
 A - a ring of see invisible (right hand)
 B - an uncursed ring of fire {unknown}
 C - a cursed amulet of inaccuracy {unknown}
 F - an uncursed amulet of faith {unknown}
 T - an uncursed ring of ice {unknown}
Wands
 g - a wand of random effects (36)
 w - a wand of iceblast (13)
 z - a wand of digging (18)
 G - a wand of flame (28)
 P - a wand of paralysis (18)
Scrolls
 a - a scroll of fear
 f - 6 scrolls of teleportation
 j - 2 scrolls of enchant weapon
 m - 2 scrolls of enchant armour
 r - a scroll of remove curse
 t - 3 scrolls of fog
 J - 4 scrolls of immolation
 N - a scroll of amnesia
 U - a scroll of identify
Potions
 c - a potion of heal wounds
 h - 11 potions of curing
 k - a potion of lignification {unknown}
 l - 2 potions of cancellation
 p - 2 potions of mutation {unknown}
 q - 2 potions of ambrosia
 x - 2 potions of might
 E - a potion of brilliance
 H - a potion of berserk rage {unknown}
Books
 e - a book of Geomancy

   Spells                             Type                      Level
   a - Sandblast                      Earth                        1
   b - Passwall                       Transmutation/Earth          2
   c - Stone Arrow                    Conjuration/Earth            3
   d - Petrify                        Transmutation/Earth          4
   e - Lee's Rapid Deconstruction     Earth                        5
 M - a book of Air

   Spells                             Type                      Level
   a - Shock                          Conjuration/Air              1
   b - Swiftness                      Charms/Air                   2
   c - Static Discharge               Conjuration/Air              3
   d - Airstrike                      Air                          4
   e - Lightning Bolt                 Conjuration/Air              5
 R - a book of Misfortune

   Spells                             Type                      Level
   a - Confusing Touch                Hexes                        1
   b - Confuse                        Hexes                        3
   c - Gell's Gravitas                Translocation                3
   d - Petrify                        Transmutation/Earth          4
   e - Metabolic Englaciation         Hexes/Ice                    5
   f - Yara's Violent Unravelling     Hexes/Transmutation          5
 V - a book of Transfigurations

   Spells                             Type                      Level
   a - Irradiate                      Conjuration/Transmutation    5
   b - Statue Form                    Transmutation/Earth          6
   c - Hydra Form                     Transmutation                6
   d - Dragon Form                    Transmutation                7
 W - a book of Beasts

   Spells                             Type                      Level
   a - Summon Butterflies             Summoning                    1
   b - Call Canine Familiar           Summoning                    3
   c - Summon Ice Beast               Ice/Summoning                4
   d - Summon Mana Viper              Hexes/Summoning              5
   e - Summon Hydra                   Summoning                    7
Comestibles
 d - 29 rations
 S - 2 chunks of flesh


   Skills:
 + Level 5.9 Fighting
 + Level 5.1 Maces & Flails
 + Level 5.8 Armour
 + Level 4.9 Dodging
 - Level 2.1 Stealth
 + Level 5.7 Shields
 + Level 7.1 Spellcasting
 + Level 7.8 Conjurations
   Level 0.7 Transmutations
 + Level 9.7 Earth Magic
 + Level 4.8 Evocations


You had 15 spell levels left.
You knew the following spells:

 Your Spells              Type           Power        Failure   Level  Hunger
a - Sandblast             Erth           #####.       1%          1    None
b - Stone Arrow           Conj/Erth      ####..       1%          3    ##.....
c - Lee's Rapid Deconstr  Erth           #####.....   2%          5    #####..


Dungeon Overview and Level Annotations

Branches:
Dungeon (11/15)            Temple (1/1) D:4            Lair (2/6) D:10
    Orc (0/2) D:11
  Swamp: Lair:2-4    Shoals: Lair:2-4     Snake: Lair:2-4    Spider: Lair:2-4

Altars:
Ashenzari
Cheibriados
Dithmenos
Elyvilon
Fedhas
Gozag
Hepliaklqana
Kikubaaqudgha
Makhleb
Nemelex Xobeh
Okawaru
Qazlal
Ru
Sif Muna
Trog
Uskayaw
Vehumet
Wu Jian
Xom
Yredelemnul
Zin
The Shining One

Shops:
D:4 =   D:6 [

Annotations:
D:3 Blork the orc
D:10 Inchmeat's ghost, journeyman HOMo
D:11 exclusion: ice statue


Innate Abilities, Weirdness & Mutations

You are resistant to torment.
Your stone body is resilient. (AC +8)
You are immune to poison.
You resist negative energy. (rN+)
You are resistant to electric shocks. (rElec)
You can survive without breathing.
You are immune to petrification.
You are immune to rotting.


Message History

Confirm with . or Enter, or press ? or * to list all spells.
Aiming: Sandblast
Press: ? - help, Shift-Dir - straight line, f/p - ice devil
Aim: an ice devil (almost dead)
The blast of sand hits the ice devil.
The ice devil is almost dead.
n - 128 stones The ice devil barely misses you.
Casting: Sandblast
Confirm with . or Enter, or press ? or * to list all spells.
Aiming: Sandblast
Press: ? - help, Shift-Dir - straight line, f/p - ice devil
Aim: an ice devil (almost dead)
The blast of sand hits the ice devil.
The ice devil is almost dead.
n - 127 stones The ice devil hits you.
* * * LOW HITPOINT WARNING * * *
The ice devil freezes you!!
You die...

#####
##...##
##.....##
#...∩...#
#...@...#
##..4..##
##.4.##
#...##
##...#
##...#
#...##
#...#
#.....#


You could see 2 ice devils.

Vanquished Creatures
  Pikel (D:5)
  An elephant (Lair:1)
  A black mamba (Lair:1)
  A centaur zombie (D:10)
  Psyche (D:9)
  2 spiny frogs
  A gargoyle (D:11)
  4 trolls
  A hornet (D:11)
  3 hippogriffs
  10 yaks
  A wyvern (D:9)
  Duvessa (D:5)
  3 water moccasins
  3 porcupines
  2 orc warriors
  2 ice beasts
  3 sky beasts
  A phantom (D:5)
  2 ogres
  6 centaurs
  2 crocodiles
  2 big kobolds
  4 bullfrogs
  Dowan (D:5)
  2 scorpions (D:4)
  A water moccasin skeleton (D:6)
  22 killer bees
  6 wights
  5 howler monkeys
  An electric eel (Lair:1)
  2 crimson imps
  3 quasits
  A bullfrog zombie (D:5)
  6 orc priests
  2 hounds
  2 jellies
  Crazy Yiuf (D:2)
  A bullfrog skeleton (D:8)
  3 centaur skeletons
  Terence (D:1)
  Natasha (thrice) (D:2)
  5 iguanas
  14 orc wizards
  4 worker ants
  4 worker ant zombies
  7 gnolls
  6 adders
  A howler monkey skeleton (D:8)
  A river rat (D:10)
  8 shadow imps
  An ooze (D:2)
  An adder zombie (D:5)
  2 worms
  3 dart slugs
  5 leopard geckos
  51 orcs
  A ball python (D:3)
  5 giant cockroaches
  4 goblins
  3 hobgoblins
  4 jackals
  16 kobolds
  6 quokkas
  8 bats
  2 frilled lizards
  A leopard gecko zombie (D:7)
  A quokka zombie (D:7)
  3 rats
288 creatures vanquished.

Vanquished Creatures (others)
  A sky beast (D:6)
  A slave (D:6)
  An orc (D:6)
  2 jackals (D:6)
  A fungus (Lair:2)
  A plant (Lair:2)
7 creatures vanquished.

Grand Total: 295 creatures vanquished

Notes
Turn   | Place    | Note
-------+----------+-------------------------------------------
     0 | D:1      | quantumfuzzball the Gargoyle Earth Elementalist began the quest for the Orb.
     0 | D:1      | Reached XP level 1. HP: 10/10 MP: 3/3
   158 | D:1      | Reached XP level 2. HP: 16/16 MP: 1/5
   288 | D:1      | Reached skill level 4 in Earth Magic
   671 | D:1      | Reached skill level 1 in Fighting
   722 | D:1      | Reached XP level 3. HP: 20/20 MP: 3/6
   946 | D:1      | Learned a level 3 spell: Stone Arrow
  1473 | D:2      | You fall through a shaft for 2 floors!
  1508 | D:4      | Found a staircase to the Ecumenical Temple.
  1518 | Temple   | Entered the Ecumenical Temple
  1735 | D:3      | Found a radiant altar of Vehumet.
  1749 | D:3      | Became a worshipper of Vehumet
  1873 | D:2      | Noticed Natasha
  1884 | D:2      | Killed Natasha
  1884 | D:2      | Reached skill level 1 in Conjurations
  1884 | D:2      | Reached XP level 4. HP: 12/25 MP: 0/8
  2195 | D:2      | Noticed Natasha
  2199 | D:2      | Killed Natasha
  2454 | D:2      | Noticed Terence
  2489 | D:2      | Noticed Natasha
  2495 | D:2      | Killed Natasha
  2495 | D:2      | Reached skill level 5 in Earth Magic
  2495 | D:2      | Reached XP level 5. HP: 18/29 MP: 4/9
  2538 | D:1      | Killed Terence
  3164 | D:2      | Found a runed door.
  3168 | D:2      | Noticed Crazy Yiuf
  3173 | D:2      | Killed Crazy Yiuf
  3471 | D:3      | Found a burning altar of Makhleb.
  3754 | D:3      | Reached XP level 6. HP: 29/34 MP: 1/11
  4100 | D:3      | Reached * piety under Vehumet
  4100 | D:3      | Offered knowledge of Magic Dart by Vehumet.
  4299 | D:3      | Noticed Blork the orc
  4327 | D:3      | Found a basalt altar of Yredelemnul.
  5157 | D:4      | Reached skill level 6 in Earth Magic
  5567 | D:4      | Reached XP level 7. HP: 38/38 MP: 7/13
  5617 | D:4      | Learned a level 5 spell: Lee's Rapid Deconstruction
  5657 | D:4      | Found Boyhiupu's Jewellery Shoppe.
  5844 | D:5      | Entered Level 5 of the Dungeon
  6395 | D:5      | Found an iron altar of Okawaru.
  6615 | D:5      | Noticed Dowan
  6617 | D:5      | Noticed Duvessa
  6618 | D:5      | Killed Dowan
  6618 | D:5      | Reached skill level 7 in Earth Magic
  6663 | D:5      | Killed Duvessa
  6663 | D:5      | Reached skill level 5 in Spellcasting
  6663 | D:5      | Reached skill level 5 in Conjurations
  6663 | D:5      | Reached XP level 8. HP: 34/43 MP: 3/15
  7313 | D:5      | Found a stormy altar of Qazlal.
  7458 | D:6      | Reached skill level 1 in Armour
  7458 | D:6      | Reached skill level 1 in Shields
  7531 | D:6      | Reached skill level 1 in Maces & Flails
  7531 | D:6      | Reached skill level 1 in Evocations
  7540 | D:6      | Noticed Pikel
  7611 | D:5      | Killed Pikel
  7611 | D:5      | Reached XP level 9. HP: 49/49 MP: 5/17
  7874 | D:6      | Found Cukhlydaed's Antique Armour Boutique.
  7884 | D:6      | Bought a pair of ancient gloves for 237 gold pieces
  7894 | D:6      | Identified the cursed +0 pair of gloves of Pathos {+Fly rElec MR-} (You bought it in a shop on level 6 of the Dungeon)
  7907 | D:6      | Found a snail-covered altar of Cheibriados.
  8478 | D:7      | Offered knowledge of Sting by Vehumet.
  8602 | D:7      | Reached ** piety under Vehumet
  8892 | D:7      | Found a shimmering altar of Xom.
  8904 | D:7      | Reached skill level 8 in Earth Magic
  9377 | D:8      | Offered knowledge of Searing Ray by Vehumet.
  9968 | D:8      | Found a white marble altar of Elyvilon.
 10163 | D:8      | Found an ornate altar of the Wu Jian Council.
 10538 | D:8      | Reached XP level 10. HP: 56/56 MP: 19/19
 10548 | D:8      | Reached *** piety under Vehumet
 10882 | D:9      | Offered knowledge of Fulminant Prism by Vehumet.
 11792 | D:10     | Entered Level 10 of the Dungeon
 12061 | D:10     | Reached **** piety under Vehumet
 12154 | D:10     | Noticed a death yak
 12157 | D:10     | Noticed a death yak
 12335 | D:10     | Found a staircase to the Lair.
 12336 | D:10     | Offered knowledge of Sticky Flame by Vehumet.
 12566 | D:10     | Reached skill level 9 in Earth Magic
 12957 | D:10     | Reached skill level 5 in Fighting
 12957 | D:10     | Reached XP level 11. HP: 63/63 MP: 5/20
 13250 | D:10     | Reached skill level 5 in Armour
 13316 | D:10     | Noticed Inchmeat's ghost (journeyman HOMo)
 13318 | D:10     | Noticed Psyche
 13359 | D:10     | Paralysed by Psyche for 5 turns
 13371 | D:9      | Killed Psyche
 13436 | D:9      | Reached skill level 5 in Shields
 14556 | D:11     | Found a sacrificial altar of Ru.
 14601 | D:11     | Noticed a brown ugly thing
 14978 | D:11     | Found the +3 salamander hide armour {+Rage rF++}
 15064 | D:11     | HP: 1/64 [ice statue/shard of ice (24)]
 15273 | D:11     | Reached ***** piety under Vehumet
 15273 | D:11     | Offered knowledge of Ozocubu's Refrigeration by Vehumet.
 15653 | D:11     | Found a staircase to the Orcish Mines.
 15947 | D:10     | Noticed a death yak
 15983 | Lair:1   | Entered Level 1 of the Lair of Beasts
 16610 | Lair:1   | Reached skill level 5 in Maces & Flails
 17180 | Lair:2   | Found a frozen archway.
 17656 | IceCv    | Entered an ice cave
 17679 | IceCv    | Slain by an ice devil

Skill      XL: |  1  2  3  4  5  6  7  8  9 10 11 |
---------------+----------------------------------+-----
Earth Magic    | 4 5 6 7 8 9 |  9.7
Fighting       | 1 2 3 5 |  5.9
Conjurations   | 1 2 3 5 6 7 |  7.8
Spellcasting   | 3 4 5 6 7 |  7.1
Armour         | 2 3 4 5 |  5.8
Shields        | 2 3 4 5 |  5.7
Maces & Flails | 1 3 4 5 |  5.1
Dodging        | 2 3 4 |  4.9
Evocations     | 1 2 3 4 |  4.8
Stealth        | |  2.1
Transmutations | |  0.7

Action                   |  1- 3 |  4- 6 |  7- 9 | 10-12 || total
-------------------------+-------+-------+-------+-------++-------
Melee: Unarmed           |    39 |       |       |       ||    39
       Short sword       |    62 |       |       |       ||    62
       Mace              |       |   125 |    33 |       ||   158
       Whip              |       |       |    12 |    54 ||    66
 Cast: Sandblast         |    24 |    38 |    81 |    67 ||   210
       Stone Arrow       |     7 |    34 |    90 |   225 ||   356
       Lee's Rapid Decon |       |       |     4 |    10 ||    14
Evoke: Wand              |       |       |       |     2 ||     2
  Use: Scroll            |     4 |     9 |     4 |     5 ||    22
       Potion            |       |     3 |     2 |     4 ||     9
 Stab: Sleeping          |     3 |       |       |       ||     3
  Eat: Chunk             |     4 |    15 |    14 |    20 ||    53
       Ration            |       |       |     2 |     4 ||     6
Armor: Robe              |    50 |    74 |    59 |       ||   183
       Leather armour    |       |       |    31 |   112 ||   143
Dodge: Dodged            |    74 |   119 |   129 |   185 ||   507
       Deflected         |       |       |     2 |    14 ||    16
